 Dungeon Crawl Stone Soup version 0.30-a0-782-ge64f9170bb (webtiles) character file.

Game seed: 13842151185383099586

51 HunieBunnie the Slasher (level 3, -6/20 (29) HPs)
             Began as a Barachi Reaver on Mar 1, 2023.
             Killed by divine providence
             ... invoked by an orc priest
              (11 damage)
             ... on level 2 of the Dungeon on Mar 2, 2023.
             The game lasted 00:05:14 (1030 turns).

HunieBunnie the Slasher (Barachi Reaver)            Turns: 1030, Time: 00:05:15

HP:   -6/20 (29)    AC:  6    Str: 15    XL:     3   Next: 81%
MP:   6/6           EV: 11    Int: 13    God:
Gold: 95            SH:  0    Dex: 10    Spells: 5/6 levels left

rFire   . . .      SeeInvis .    a - +0 falchion
rCold   . . .      Faith    .    (no shield)
rNeg    . . .      Spirit   .    b - +0 leather armour
rPois   .          Reflect  .    h - +1 helmet
rElec   .          Harm     .    (no cloak)
rCorr   .          Rampage  .    i - +0 pair of gloves
Will    .....                    (no boots)
Stlth   +                        (no amulet)
HPRegen 0.23/turn                (no ring)
MPRegen 0.10/turn                (no ring)

@: very heavily drained, slow
A: amphibious, slowness 1, strong legs 1, +LOS
a: Hop


You were on level 2 of the Dungeon.
You visited 1 branch of the dungeon, and saw 2 of its levels.

You collected 95 gold pieces.

Inventory:

Hand Weapons
 a - a +0 falchion (weapon)
Armour
 b - a +0 leather armour (worn)
 d - a +0 scale mail of cold resistance
 h - a +1 helmet (worn)
 i - a +0 pair of gloves (worn)
Scrolls
 c - 4 scrolls of identify {unknown}
 e - a scroll of fog {unknown}
 f - a scroll of silence {unknown}
Potions
 g - a potion of attraction {unknown}


   Skills:
 + Level 3.0 Fighting
 + Level 4.8 Long Blades
 + Level 1.1 Armour
 + Level 2.2 Dodging
 + Level 2.2 Spellcasting
 + Level 3.5 Conjurations


You had 5 spell levels left.
You knew the following spells:

 Your Spells              Type           Power      Damage    Failure   Level
a - Kiss of Death         Conj/Necr      24%        2d7       16%         1

Your spell library contained the following spells:

 Spells                   Type           Power      Damage    Failure   Level
 Momentum Strike          Conj/Tloc      12%        3d8       22%         2
 Hailstorm                Conj/Ice       6%         3d4       41%         3


Dungeon Overview and Level Annotations

Branches:
Dungeon (2/15)

Altars:


Innate Abilities, Weirdness & Mutations

You are amphibious.
You cover ground slowly.
You can hop short distances.
You have an extended range of vision and can be seen from far away.


Message History

i - a +0 pair of gloves You start putting on your armour.
You continue putting on your +0 pair of gloves.
Keep equipping yourself?
You continue putting on your +0 pair of gloves.
The orc shouts!
You continue putting on your +0 pair of gloves. x2
You finish putting on your +0 pair of gloves.
The orc shouts!
An orc comes into view. It is wielding a +0 club.
The orc shouts!
You hit the orc but do no damage. The orc hits you with a +0 morningstar!
The orc hits you but does no damage.
You completely miss the orc. The orc completely misses you.
You closely miss the orc. The orc attacks as you move away!
The orc hits you but does no damage.
You hit the orc.
The orc is severely wounded.
The orc hits you with a +0 morningstar.
You barely miss the orc.
The orc is severely wounded.
The orc hits you but does no damage.
The orc priest begins to cast a cantrip, but forgets the words!
You hit the orc.
You kill the orc!
You barely miss the orc. The orc hits you with a +0 dagger.
The orc priest calls down the wrath of Beogh upon you.
Beogh smites you!
* * * LOW HITPOINT WARNING * * *
You hit the orc.
The orc is heavily wounded.
The orc hits you but does no damage.
You hit the orc.
You kill the orc!
The orc priest begins to cast a cantrip, but forgets the words!
You hit the orc but do no damage.
The orc priest mumbles some strange prayers to Beogh against you.
Beogh smites you!
Ouch! That really hurt!
You die...

#. ... #.#.# # ..<.# .#
#[#.# #.## .....
####...#.... #.#.#
#.o@........
#.#.##########o##...#....
..#...o..o......##.##
#...........#..# .#
##†#########.#..# #
.............$..#
############.##.# # ...
.# # #.# ##


You could see an orc priest and an orc.

Vanquished Creatures
  3 adders (D:2)
  A worm (D:2)
  2 orcs (D:2)
  A ball python (D:1)
  An endoplasm (D:1)
  3 goblins
  2 jackals (D:1)
  2 kobolds
  A bat (D:1)
  A frilled lizard (D:2)
  2 rats
19 creatures vanquished.

Notes
Turn   | Place    | Note
-------+----------+-------------------------------------------
     0 | D:1      | HunieBunnie the Barachi Reaver began the quest for the Orb.
     0 | D:1      | Reached XP level 1. HP: 17/17 MP: 3/3
   110 | D:1      | Reached skill level 4 in Long Blades
   141 | D:1      | Reached XP level 2. HP: 15/23 MP: 5/5
   783 | D:2      | Reached skill level 1 in Armour
   783 | D:2      | Reached XP level 3. HP: 28/28 MP: 6/6
  1030 | D:2      | Killed from afar by an orc priest

Illustrated notes

Levels and vault maps discovered:
D:1:      minmay_arrival_glassed_features, layout_loops_ring
D:2:      layout_loops_ring

Skill      XL: |  1  2  3 |
---------------+----------+-----
Long Blades    | 4 |  4.8
Armour         | 1 |  1.1
Fighting       | 3 |  3.0
Dodging        | |  2.2
Spellcasting   | |  2.2
Conjurations   | |  3.5

Action                     || total
---------------------------++-------
  Melee: Falchion          ||    90
         Punch             ||     1
   Cast: Kiss of Death     ||     2
Ability: Hop               ||     1
 Armour: Leather armour    ||    33
  Dodge: Dodged            ||    38

Table legend: (Time is in decaauts)
 A = Elapsed time spent in this place.
 B = Non-inter-level travel time spent in this place.
 C = Inter-level travel time spent in this place.
 D = Time resting spent in this place.
 E = Time spent auto-exploring this place.
 F = Levels seen in this place.
 G = Mean time per level.
                   A        B        C        D        E       F      G
               +--------+--------+--------+--------+--------+-----+--------+
         Total |   1179 |   1177 |      2 |      0 |    927 |   2 |  589.5 |
       Dungeon |   1179 |   1177 |      2 |      0 |    927 |   2 |  589.5 |
               +--------+--------+--------+--------+--------+-----+--------+

Top non-repeatable levels by time:
     D:1: 783 daAuts
     D:2: 395 daAuts
